 Dungeon Crawl Stone Soup version 0.21.1-1-g345015f (webtiles) character file.

442 pk666 the Magician (level 6, -5/32 HPs)
             Began as a Deep Elf Wizard on Feb 11, 2018.
             Killed from afar by Ijyb (12 damage)
             ... with a wand of acid (5)
             ... on level 4 of the Dungeon.
             The game lasted 00:16:47 (4787 turns).

pk666 the Magician (Deep Elf Wizard)                Turns: 4787, Time: 00:16:48

Health: -5/32      AC:  5    Str:  4    XL:     6   Next: 71%
Magic:  10/17      EV: 13    Int: 25    God:
Gold:   147        SH:  0    Dex: 13    Spells: 8/18 levels left

rFire    . . .     SeeInvis .   j - +0 dagger
rCold    . . .     Gourm    .   (no shield)
rNeg     . . .     Faith    .   a - +0 robe
rPois    .         Spirit   .   b - +0 hat
rElec    .         Reflect  .   (no cloak)
rCorr    .         Harm     .   i - +2 pair of gloves
MR       .....                  (no boots)
Stlth    ++........             (no amulet)
HPRegen  0.10/turn              (no ring)
MPRegen  0.15/turn              (no ring)

@: no status effects
A: no striking features
a: no special abilities


You were on level 4 of the Dungeon.
You were not hungry.

You visited 1 branch of the dungeon, and saw 4 of its levels.

You collected 147 gold pieces.

Inventory:

Hand Weapons
 j - a +0 dagger (weapon)
 o - a +0 dagger of draining
Armour
 a - a +0 robe (worn)
 b - a +0 hat (worn)
 i - a +2 pair of gloves (worn)
Jewellery
 k - an uncursed ring of magical power {unknown}
Scrolls
 e - 2 scrolls of teleportation {unknown}
 f - 3 scrolls of amnesia {unknown}
 l - 4 scrolls of identify {unknown}
 m - 4 scrolls of remove curse {unknown}
 n - a scroll of enchant weapon {unknown}
 s - a scroll of fog {unknown}
Potions
 g - a potion of haste
 h - 2 potions of curing {unknown}
 p - a potion of might {unknown}
 q - a potion of heal wounds {unknown}
 t - a potion of invisibility {unknown}
Books
 c - a book of Minor Magic

   Spells                             Type                      Level
   a - Magic Dart                     Conjuration                  1
   b - Blink                          Translocation                2
   c - Call Imp                       Summoning                    2
   d - Slow                           Hexes                        2
   e - Conjure Flame                  Conjuration/Fire             3
   f - Mephitic Cloud                 Conjuration/Poison/Air       3
 r - a book of Cantrips

   Spells                             Type                      Level
   a - Confusing Touch                Hexes                        1
   b - Animate Skeleton               Necromancy                   1
   c - Summon Small Mammal            Summoning                    1
   d - Apportation                    Translocation                1
Comestibles
 d - 8 rations


   Skills:
 + Level 3.7 Dodging
 - Level 2.4 Stealth
 * Level 6.5 Spellcasting
 * Level 3.9 Conjurations
   Level 1.1 Summonings
 + Level 2.3 Translocations
 + Level 2.3 Fire Magic
 - Level 1.0 Air Magic
 - Level 2.1 Poison Magic


You had 8 spell levels left.
You knew the following spells:

 Your Spells              Type           Power        Failure   Level  Hunger
a - Magic Dart            Conj           ####         1%          1    None
b - Blink                 Tloc           N/A          4%          2    None
c - Apportation           Tloc           ###...       2%          1    None
d - Conjure Flame         Conj/Fire      ###.....     6%          3    None
z - Mephitic Cloud        Conj/Pois/Air  ###.....     8%          3    None


Dungeon Overview and Level Annotations

Branches:
Dungeon (4/15)
 Temple: D:4-7

Altars:
Ashenzari
Nemelex Xobeh
Wu Jian

Annotations:
D:4 Eustachio; Ijyb; Yawgmoth's ghost, amateur NaWz


Message History

Ijyb zaps a wand.
The bolt of acid hits you!
You are splashed with acid!
The acid burns!
* * * LOW HITPOINT WARNING * * *
Casting: Magic Dart
Confirm with . or Enter, or press ? or * to list all spells.
Aiming: Magic Dart
Press: ? - help, Shift-Dir - straight line, f/p - Ijyb
Aim: Ijyb, wielding a dagger, wearing a scale mail and carrying a wand of acid (6) (moderately wounded)
The magic dart hits Ijyb.
Ijyb is moderately wounded.
Ijyb zaps a wand.
The bolt of acid misses you.
Casting: Magic Dart
Confirm with . or Enter, or press ? or * to list all spells.
Aiming: Magic Dart
Press: ? - help, Shift-Dir - straight line, f/p - Ijyb
Aim: Ijyb, wielding a dagger, wearing a scale mail and carrying a wand of acid (5) (moderately wounded)
The magic dart hits Ijyb.
Ijyb is moderately wounded.
Ijyb zaps a wand.
The bolt of acid hits you!
You die...

........#
........#
........#
........#
........#
........+
........#####
.........)ยง@#
......#.#.###
......._..#
......#g###
######..#
..(.. ......
......


You could see Ijyb.

Vanquished Creatures
  Menkaure (D:4)
  An ogre (D:4)
  A scorpion (D:4)
  A centaur skeleton (D:4)
  5 adders
  A worm (D:2)
  2 dart slugs (D:1)
  7 leopard geckos
  4 orcs
  9 bats
  4 giant cockroaches
  13 goblins
  5 hobgoblins
  17 jackals
  9 kobolds
  A quokka (D:2)
  A ball python skeleton (D:4)
  6 frilled lizards
  7 rats
95 creatures vanquished.

Notes
Turn   | Place    | Note
-------+----------+-------------------------------------------
     0 | D:1      | pk666 the Deep Elf Wizard began the quest for the Orb.
     0 | D:1      | Reached XP level 1. HP: 10/10 MP: 7/7
   132 | D:1      | Found a shattered altar of Ashenzari.
   273 | D:1      | Reached XP level 2. HP: 15/15 MP: 3/9
   677 | D:1      | Reached skill level 5 in Spellcasting
   908 | D:1      | Reached XP level 3. HP: 19/19 MP: 6/11
   918 | D:1      | Learned a level 2 spell: Blink
   922 | D:1      | Learned a level 3 spell: Mephitic Cloud
   926 | D:1      | Learned a level 3 spell: Conjure Flame
  1805 | D:2      | Learned a level 1 spell: Apportation
  1820 | D:2      | Reached skill level 1 in Fire Magic
  1820 | D:2      | Reached XP level 4. HP: 21/24 MP: 1/13
  1951 | D:2      | Found a faded altar of an unknown god.
  2767 | D:3      | Reached skill level 1 in Poison Magic
  3142 | D:3      | Reached skill level 1 in Air Magic
  3142 | D:3      | Reached XP level 5. HP: 28/28 MP: 8/15
  3321 | D:3      | Found a sparkling altar of Nemelex Xobeh.
  3600 | D:4      | Noticed Yawgmoth's ghost (amateur NaWz)
  3629 | D:4      | Noticed Menkaure
  3687 | D:4      | Killed Menkaure
  3687 | D:4      | Reached skill level 6 in Spellcasting
  3687 | D:4      | Reached XP level 6. HP: 9/32 MP: 1/17
  4279 | D:4      | Found an ornate altar of the Wu Jian Council.
  4284 | D:4      | Noticed Ijyb
  4655 | D:4      | Noticed Eustachio
  4787 | D:4      | Killed from afar by Ijyb

Skill      XL: |  1  2  3  4  5  6 |
---------------+-------------------+-----
Conjurations   | 2 3 |  3.9
Spellcasting   | 5 6 |  6.5
Dodging        | 3 |  3.7
Fire Magic     | 1 2 |  2.3
Poison Magic   | 1 2 |  2.1
Air Magic      | 1 |  1.0
Translocations | 2 |  2.3
Stealth        | |  2.4
Summonings     | |  1.1

Action                   |  1- 3 |  4- 6 || total
-------------------------+-------+-------++-------
Melee: Dagger            |    13 |     1 ||    14
 Cast: Magic Dart        |   120 |   149 ||   269
       Conjure Flame     |       |    12 ||    12
       Mephitic Cloud    |       |     5 ||     5
       Blink             |       |     1 ||     1
  Eat: Chunk             |     3 |     5 ||     8
       Ration            |       |     1 ||     1
Armor: Robe              |    35 |     1 ||    36
Dodge: Dodged            |    66 |    19 ||    85
